 Dungeon Crawl Stone Soup version 0.21.0-24-g2553a33 (webtiles) character file.

253792 Gorglomux the Severer (level 19, -1/177 HPs)
             Began as a Minotaur Summoner on Jan 20, 2018.
             Was a High Priest of Okawaru.
             Killed from afar by a storm dragon (35 damage)
             ... with a bolt of lightning
             ... on level 1 of the Vaults.
             The game lasted 01:14:49 (34676 turns).

Gorglomux the Severer (Minotaur Summoner)          Turns: 34676, Time: 01:14:49

Health: -1/177     AC: 28    Str: 20    XL:     19   Next: 0%
Magic:  24/24      EV: 14    Int: 12    God:    Okawaru [*****.]
Gold:   2188       SH: 21    Dex: 15    Spells: 20/20 levels left

rFire    + + .     SeeInvis .   C - +1 broad axe (flame)
rCold    + . .     Gourm    .   l - +0 large shield
rNeg     + . .     Faith    .   x - +0 plate armour
rPois    +         Spirit   .   k - +2 hat {MR+} {god gift}
rElec    .         Reflect  .   e - +2 cloak
rCorr    .         Harm     .   u - +1 pair of gloves {Dex+3} {god gift}
MR       ++...                  i - +0 pair of boots of Pyatait {god gift, rF++ rN+ Regen+}
Stlth    ..........             r - amulet of regeneration
HPRegen  1.19/turn              o - ring of poison resistance
MPRegen  0.19/turn              c - ring of protection from cold

@: marked, very slightly contaminated, studying Polearms
A: retaliatory headbutt, horns 2
}: 2/15 runes: barnacled, gossamer
a: Heroism, Finesse, Renounce Religion


You were on level 1 of the Vaults.
You worshipped Okawaru.
Okawaru was extremely pleased with you.
You were not hungry.

You visited 7 branches of the dungeon, and saw 33 of its levels.
You also visited: Sewer and Ice Cave.

You collected 3341 gold pieces.
You spent 1153 gold pieces at shops.

Inventory:

Hand Weapons
 C - a +1 broad axe of flaming (weapon)
 G - a +1 war axe of flaming
 L - the +6 quick blade of Optimality {god gift, elec, Int+4}
   (Okawaru gifted it to you on level 9 of the Dungeon)

   Occasionally, upon striking a foe, it will discharge some electrical energy
   and cause terrible harm.
   It affects your intelligence (+4).
Missiles
 Z - 9 throwing nets (quivered)
Armour
 e - a +2 cloak (worn)
 i - the +0 pair of boots of Pyatait (worn) {god gift, rF++ rN+ Regen+}
   (Okawaru gifted it to you on level 2 of the Spider Nest)

   It greatly protects you from fire.
   It protects you from negative energy.
   It increases your rate of regeneration.
 k - a +2 hat of magic resistance (worn) {god gift}
 l - a +0 large shield (worn)
 u - a +1 pair of gloves of dexterity (worn) {god gift}
 x - a +0 plate armour (worn)
Jewellery
 c - a ring of protection from cold (right hand)
 g - an uncursed ring of resist corrosion
 m - an uncursed amulet of the gourmand
 o - a ring of poison resistance (left hand)
 r - an amulet of regeneration (around neck)
Wands
 A - a wand of acid (9)
 D - a wand of digging (25)
 I - a wand of iceblast (7)
 P - a wand of paralysis (69)
 S - a wand of scattershot (3)
Scrolls
 b - 2 scrolls of enchant weapon
 f - 8 scrolls of fog
 q - 18 scrolls of remove curse
 y - 6 scrolls of immolation
 B - 2 scrolls of blinking
 M - 10 scrolls of magic mapping
 O - 11 scrolls of fear
 R - a scroll of identify
 T - 13 scrolls of teleportation
Potions
 j - 4 potions of might
 n - 2 potions of magic
 p - 5 potions of heal wounds
 s - 3 potions of haste
 w - 3 potions of cancellation
 z - 3 potions of resistance
 E - 3 potions of flight
 F - 3 potions of invisibility
 J - 7 potions of brilliance
 K - 3 potions of lignification
 N - 10 potions of agility
 Q - 12 potions of curing
 V - 11 potions of ambrosia
 X - 7 potions of mutation {!q}
Books
 t - a manual of Polearms
Miscellaneous
 h - a lightning rod (4/4)
 v - a fan of gales
 U - a box of beasts
 W - a sack of spiders
 Y - a lamp of fire
Comestibles
 d - 64 rations
 H - 21 chunks of flesh


   Skills:
 + Level 17.6 Fighting
 - Level 18.0 Axes
 + Level 17.5 Armour
 + Level 16.3 Dodging
 - Level 1.5 Stealth
 + Level 16.5 Shields
 - Level 1.7 Unarmed Combat
 - Level 1.3 Spellcasting
   Level 2.9 Summonings
 - Level 9.0 Invocations


You had 20 spell levels left.
You didn't know any spells.

Dungeon Overview and Level Annotations

Branches:
Dungeon (15/15)            Temple (1/1) D:6            Lair (6/6) D:10
 Shoals (4/4) Lair:3       Spider (4/4) Lair:3        Slime (0/5) Lair:5
    Orc (2/2) D:9             Elf (0/3) Orc:2        Vaults (1/5) D:13
 Depths (0/5) D:15

Altars:
Ashenzari
Cheibriados
Elyvilon
Fedhas
Hepliaklqana
Kikubaaqudgha
Nemelex Xobeh
Okawaru
Ru
Sif Muna
Trog
Vehumet
Xom
Yredelemnul
Zin
The Shining One
Beogh
Jiyva

Shops:
D:4 [   D:13 !=   Orc:1 ?   Orc:2 !%((   Shoals:2 (

Annotations:
D:6 Feta's ghost, novice FoFi
D:14 3 runed doors
Lair:1 Gastronok


Innate Abilities, Weirdness & Mutations

You reflexively headbutt those who attack you in melee.
You have a pair of horns on your head.


Message History

A cyclops comes into view!
The deep elf knight gestures at you while chanting!
The orb of energy hits you!!!
Things butt are here:
3 javelins of penetration {god gift}; an arrow The storm dragon breathes lightning at you!
The bolt of lightning hits you!!! * * * don't die
* * *
Okay, then!
Blink to where?
Press: ? - help, Dir - move target cursor You are very lightly contaminated with residual magic!
As you read the scroll of blinking, it crumbles to dust!
Butt is an open door, spattered with blood here!
You close the door!
You are no longer corroded!
Something unseen opens the door!
The storm dragon breathes lightning at you!
The bolt of lightning hits you!!! rip

.......#
#...#.###.#...#
########
#...#|#[..#..(#
#.#######.###)# #.#.#.#
..#.))# #..#
#.#.#.#######.# #..#
#...#.†.#.....# #..#
#...#.#####...# #..#
#.....#.#.....# #..##
#....@#.#.....# #....
#.............# #....
####
#############D######+##
....
............(.(.(((....
....
.......................
####
.#####.................
##................ #.
##....##########. ..#
####.##.>..#..#.


You could see a storm dragon.

Vanquished Creatures
  Asterion (Spider:4)
  A sphinx (Vaults:1)
  A kraken (Shoals:3)
  A storm dragon (Vaults:1)
  Roxanne (Spider:4)
  Ilsuiw (Shoals:4)
  4 ghost moths
  4 vault wardens (Vaults:1)
  6 emperor scorpions (Spider:4)
  4 ghouls (D:14)
  2 very ugly things (IceCv)
  An ironheart preserver (Vaults:1)
  3 entropy weavers
  Nessos (D:15)
  Snorg (D:13)
  4 merfolk javelineers (Shoals:4)
  A deep elf death mage (Vaults:1)
  2 fire dragons
  6 yaktaur captains
  4 vault guards (D:13)
  8 merfolk impalers
  2 great orbs of eyes (Vaults:1)
  3 ogre magi
  Harold (Lair:2)
  An ice dragon (Lair:6)
  8 hydras
  5 merfolk avatars
  5 centaur warriors
  7 two-headed ogres
  An alligator snapping turtle (Shoals:4)
  A satyr (Shoals:4)
  8 death yaks
  4 merfolk aquamancers
  3 orc high priests (Orc:2)
  Sonja (Lair:2)
  6 skeletal warriors (D:14)
  A wizard (Vaults:1)
  6 unseen horrors
  A flayed ghost (Vaults:1)
  A swamp dragon (Lair:6)
  An ironbrand convoker (Vaults:1)
  An obsidian statue (D:14)
  9 sea snakes
  A lindwurm (Lair:6)
  15 harpies
  10 orc knights
  Pikel (D:4)
  A wolf spider zombie (D:14)
  7 orc sorcerers
  29 wolf spiders
  2 necromancers
  3 oklob plants (Lair:6)
  10 ugly things
  21 orb spiders
  6 cyclopes
  12 manticores
  4 fauns (Shoals:1)
  A moth of wrath (Spider:4)
  3 deep elf magi
  2 rust devils (D:10)
  4 water nymphs
  8 merfolk sirens
  3 vault sentinels (Vaults:1)
  11 centaur zombies
  Joseph (Lair:1)
  6 elephants (Lair:3)
  5 black mambas
  5 ice statues (IceCv)
  7 torpor snails
  2 gargoyles
  6 komodo dragons
  10 spiny frogs
  3 yaktaurs
  9 rime drakes
  A guardian mummy (D:14)
  2 efreet
  5 anaconda simulacra (IceCv)
  8 demonic crawlers
  9 wind drakes
  2 polar bears
  6 trolls
  A harpy zombie (D:14)
  16 merfolk
  34 jumping spiders
  A sphinx simulacrum (Vaults:1)
  12 hornets
  4 blink frogs (Lair:6)
  8 slime creatures (Vaults:1)
  Prince Ribbit (D:7)
  4 tyrant leeches (Lair:6)
  14 dream sheep
  21 hippogriffs
  10 snapping turtles
  2 meliai zombies
  A human simulacrum (Vaults:1)
  70 redbacks
  18 water elementals
  3 shadows
  32 tarantellas
  43 yaks
  2 wraiths
  A dire elephant simulacrum (IceCv)
  3 wyverns
  A yak (shapeshifter) (Vaults:1)
  2 basilisks
  20 humans (D:13)
  4 steam dragons
  2 vampire mosquitoes (D:13)
  A hungry ghost (D:6)
  A warg (Orc:1)
  An iron troll simulacrum (IceCv)
  8 water moccasins
  4 soldier ants
  A naga (shapeshifter) (D:13)
  5 acid dragons
  2 hydra simulacra (IceCv)
  9 porcupines
  Duvessa (D:7)
  13 ice beasts
  Purgy (D:3)
  A swamp drake (Lair:6)
  47 orc warriors
  5 phantoms
  4 slaves
  A black bear (shapeshifter) (Vaults:1)
  2 hornet zombies
  6 sky beasts
  2 necrophages
  An eye of draining (D:12)
  21 ogres
  4 boggarts (Vaults:1)
  29 wolves (Lair:5)
  20 centaurs
  11 crocodiles
  8 big kobolds
  24 bullfrogs
  4 wyvern zombies (D:14)
  Dowan (D:7)
  2 water moccasin skeletons (D:5)
  6 scorpions
  11 wights
  10 electric eels
  5 howler monkeys
  5 lava snakes
  5 jellies
  12 crimson imps
  A quasit (D:14)
  7 hounds
  4 bullfrog skeletons
  25 orc priests
  5 centaur skeletons
  A gnoll shaman (D:4)
  34 orc wizards
  Ijyb (D:5)
  11 iguanas
  5 worker ants
  2 hound zombies
  A mummy (D:14)
  A worker ant zombie (D:9)
  15 adders
  6 gnolls
  3 shadow imps
  3 oozes (Sewer)
  An adder skeleton (D:5)
  An adder zombie (D:9)
  5 worms
  A dart slug (D:2)
  10 leopard geckos
  116 orcs
  8 bats
  9 giant cockroaches
  6 goblins
  2 hobgoblins
  11 jackals
  7 quokkas
  2 ball pythons
  9 frilled lizards
  22 kobolds
  12 rats
  4 plants
1349 creatures vanquished.

Vanquished Creatures (others)
  A ghost moth (Spider:4)
  A demonic crawler (Spider:1)
  A hornet (Spider:3)
  2 tarantellas (Spider:4)
  A vampire (D:13)
  3 redbacks (Spider:4)
  A steam dragon (Lair:6)
  A gnoll sergeant (D:6)
  2 orc wizards (D:6)
  An orc (D:6)
  A quokka (D:6)
  3 fungi (Lair:6)
  23 plants
  4 tentacles (Shoals:3)
45 creatures vanquished.

Grand Total: 1394 creatures vanquished

Notes
Turn   | Place    | Note
-------+----------+-------------------------------------------
     0 | D:1      | Gorglomux the Minotaur Summoner began the quest for the Orb.
     0 | D:1      | Reached XP level 1. HP: 14/14 MP: 1/1
   111 | D:1      | Reached skill level 1 in Fighting
   115 | D:1      | Reached skill level 1 in Unarmed Combat
   301 | D:1      | Reached XP level 2. HP: 21/23 MP: 3/3
  1142 | D:2      | Reached XP level 3. HP: 26/29 MP: 4/4
  1216 | D:2      | Reached skill level 1 in Armour
  1469 | D:2      | Found a hazy altar of Hepliaklqana.
  1799 | D:3      | Found a glowing drain.
  1821 | Sewer    | Entered a sewer
  1832 | Sewer    | Reached XP level 4. HP: 32/37 MP: 5/5
  1950 | Sewer    | Reached skill level 3 in Fighting
  1950 | Sewer    | Reached skill level 3 in Dodging
  2284 | Sewer    | Noticed a big kobold
  2301 | Sewer    | Killed a big kobold
  2301 | Sewer    | Reached XP level 5. HP: 24/46 MP: 6/6
  2499 | Sewer    | Reached skill level 3 in Armour
  2505 | Sewer    | Reached XP level 6. HP: 38/53 MP: 7/7
  2696 | D:3      | Noticed Purgy
  3075 | D:3      | Killed Purgy
  3469 | D:4      | Noticed an ice beast
  3507 | D:4      | Noticed a slave
  3508 | D:4      | Noticed a slave
  3508 | D:4      | Noticed a slave
  3509 | D:4      | Noticed a slave
  3510 | D:4      | Noticed Pikel
  3541 | D:3      | Killed a slave
  3562 | D:3      | Killed a slave
  3567 | D:3      | Killed a slave
  3628 | D:4      | Killed a slave
  3663 | D:4      | Reached XP level 7. HP: 61/61 MP: 8/8
  4062 | D:4      | Found Eleru's Armour Shoppe.
  4166 | D:4      | Killed Pikel
  4166 | D:4      | Reached skill level 6 in Fighting
  4166 | D:4      | Reached skill level 6 in Armour
  4166 | D:4      | Reached skill level 6 in Dodging
  4166 | D:4      | Reached XP level 8. HP: 67/71 MP: 9/9
  4254 | D:5      | Entered Level 5 of the Dungeon
  4323 | D:5      | Reached skill level 1 in Shields
  4495 | D:5      | Reached skill level 3 in Shields
  4499 | D:5      | Noticed Ijyb
  4557 | D:5      | Reached XP level 9. HP: 52/81 MP: 10/10
  4563 | D:5      | Killed Ijyb
  4791 | D:5      | Found a snail-covered altar of Cheibriados.
  4868 | D:6      | Found a staircase to the Ecumenical Temple.
  4954 | Temple   | Entered the Ecumenical Temple
  5031 | Temple   | Became a worshipper of Warmaster Okawaru
  5185 | D:6      | Found a shimmering altar of Xom.
  5329 | D:6      | Noticed Feta's ghost (novice FoFi)
  5827 | D:7      | Found a white marble altar of Elyvilon.
  5832 | D:7      | Found a glowing golden altar of the Shining One.
  5852 | D:7      | Noticed Prince Ribbit
  5901 | D:7      | Killed Prince Ribbit
  5901 | D:7      | Reached * piety under Okawaru
  5901 | D:7      | Reached skill level 9 in Fighting
  6318 | D:7      | Reached skill level 9 in Armour
  6349 | D:7      | Reached XP level 10. HP: 87/91 MP: 9/11
  6672 | D:7      | Noticed Duvessa
  6672 | D:7      | Noticed Dowan
  6690 | D:7      | Killed Duvessa
  6690 | D:7      | Reached skill level 6 in Shields
  6710 | D:7      | Killed Dowan
  6973 | D:7      | Found an ancient bone altar of Kikubaaqudgha.
  7043 | D:8      | Reached ** piety under Okawaru
  7045 | D:8      | Reached skill level 9 in Dodging
  7177 | D:8      | Noticed a three-headed hydra
  7181 | D:8      | Killed a one-headed hydra
  7181 | D:8      | Reached *** piety under Okawaru
  7181 | D:8      | Reached skill level 1 in Axes
  7275 | D:8      | Reached skill level 2 in Axes
  7549 | D:8      | Found a glowing silver altar of Zin.
  7550 | D:8      | Noticed an angel
  7553 | D:8      | Found a shimmering altar of Xom.
  7578 | D:8      | Noticed a two-headed ogre
  7587 | D:8      | Killed a two-headed ogre
  7587 | D:8      | Reached skill level 3 in Invocations
  7633 | D:8      | You fall through a shaft for 2 floors!
  7633 | D:10     | Entered Level 10 of the Dungeon
  7844 | D:10     | Noticed a two-headed ogre
  7897 | D:10     | Reached XP level 11. HP: 101/101 MP: 12/12
  7929 | D:10     | Reached **** piety under Okawaru
  7929 | D:10     | Reached skill level 3 in Axes
  8049 | D:10     | Killed a two-headed ogre
  8079 | D:10     | Noticed an eight-headed hydra
  8105 | D:10     | Killed a one-headed hydra
  8105 | D:10     | Reached skill level 4 in Axes
  8344 | D:10     | Found a staircase to the Lair.
  8450 | D:10     | Killed an unseen horror
  8450 | D:10     | Reached ***** piety under Okawaru
  9090 | D:9      | Found a sacrificial altar of Ru.
  9242 | D:9      | Received a gift from Okawaru
  9305 | D:9      | Got a pitted quick blade {god gift}
  9306 | D:9      | Identified the +6 quick blade of Optimality {god gift, elec, Int+4} (Okawaru gifted it to you on level 9 of the Dungeon)
  9379 | D:9      | Found a deep blue altar of Sif Muna.
  9400 | D:9      | Noticed a two-headed ogre
  9407 | D:9      | Killed a two-headed ogre
  9407 | D:9      | Reached skill level 5 in Axes
  9418 | D:9      | Found a shattered altar of Ashenzari.
  9545 | D:9      | Found a radiant altar of Vehumet.
  9763 | D:9      | Found a staircase to the Orcish Mines.
 10039 | D:10     | Reached skill level 9 in Shields
 10487 | D:11     | Reached skill level 6 in Axes
 10564 | D:11     | Reached XP level 12. HP: 30/110 MP: 13/13
 10727 | D:11     | Noticed a six-headed hydra
 10780 | D:11     | Killed a six-headed hydra
 11064 | D:12     | Received a gift from Okawaru
 11166 | Lair:1   | Entered Level 1 of the Lair of Beasts
 11331 | Lair:1   | Noticed a seven-headed hydra
 11344 | Lair:1   | Killed a seven-headed hydra
 11398 | Lair:1   | Noticed Joseph
 11419 | Lair:1   | Killed Joseph
 11419 | Lair:1   | Reached skill level 7 in Axes
 12165 | Lair:1   | Noticed an eight-headed hydra
 12175 | Lair:1   | Killed an eight-headed hydra
 12238 | Lair:2   | Noticed Gastronok
 12241 | Lair:2   | Noticed a death yak
 12248 | Lair:2   | Noticed Sonja
 12251 | Lair:2   | Noticed a death yak
 12340 | Lair:1   | Killed a death yak
 12384 | Lair:2   | Reached skill level 6 in Invocations
 12431 | Lair:2   | Noticed Harold
 12434 | Lair:2   | Killed Sonja
 12483 | Lair:2   | Killed a death yak
 12519 | Lair:2   | Killed Harold
 13064 | Lair:3   | Reached skill level 9 in Invocations
 13178 | Lair:3   | Reached skill level 12 in Fighting
 13261 | Lair:3   | Reached XP level 13. HP: 94/118 MP: 18/18
 13444 | Lair:3   | Received a gift from Okawaru
 13469 | Lair:3   | Found a staircase to the Shoals.
 13482 | Lair:3   | Reached skill level 12 in Armour
 13661 | Lair:3   | Found a hole to the Spider Nest.
 13969 | Lair:4   | Reached skill level 8 in Axes
 14289 | Lair:4   | Received a gift from Okawaru
 15201 | Lair:5   | Found a viscous altar of Jiyva.
 15201 | Lair:5   | Found a staircase to the Slime Pits.
 15506 | Lair:6   | Entered Level 6 of the Lair of Beasts
 15556 | Lair:6   | Reached skill level 12 in Dodging
 15564 | Lair:6   | Reached skill level 9 in Axes
 15828 | Lair:6   | Reached XP level 14. HP: 39/129 MP: 13/19
 16291 | Lair:6   | Received a gift from Okawaru
 16642 | Lair:6   | Reached skill level 10 in Axes
 16981 | Lair:6   | Found a runed door.
 17001 | Lair:6   | Paralysed by a hornet for 3 turns
 17025 | Lair:6   | Reached skill level 12 in Shields
 17660 | D:12     | Received a gift from Okawaru
 17804 | D:12     | Found a roughly hewn altar of Beogh.
 17879 | D:12     | Received a gift from Okawaru
 18135 | D:12     | Found an iron altar of Okawaru.
 18600 | D:13     | Found Ujiqifid's Distillery.
 18601 | D:13     | Noticed Snorg
 18622 | D:13     | Killed Snorg
 18693 | D:13     | Bought 2 potions of agility for 104 gold pieces
 18693 | D:13     | Bought a potion of heal wounds for 65 gold pieces
 18693 | D:13     | Bought 2 potions of might for 104 gold pieces
 18693 | D:13     | Bought a potion of agility for 52 gold pieces
 18693 | D:13     | Bought a potion of mutation for 104 gold pieces
 18826 | D:13     | Reached skill level 11 in Axes
 19026 | D:13     | Reached XP level 15. HP: 133/138 MP: 17/20
 19289 | D:13     | Found Vonejoil's Jewellery Boutique.
 19310 | D:13     | Found a gate to the Vaults.
 19651 | D:14     | Found a runed door.
 19681 | D:14     | Reached ****** piety under Okawaru
 19848 | D:14     | Found a runed door.
 19941 | D:14     | Found a runed door.
 19990 | D:14     | Found a runed door.
 20326 | D:14     | Received a gift from Okawaru
 20788 | D:14     | Found a deep blue altar of Sif Muna.
 20858 | D:15     | Entered Level 15 of the Dungeon
 20893 | D:15     | Reached skill level 12 in Axes
 21248 | D:15     | Reached skill level 15 in Fighting
 21421 | D:14     | Identified a scroll of acquirement
 21424 | D:14     | Got a pair of warped boots
 21435 | D:14     | Identified the +0 pair of boots of Wariness {Str+4} (You acquired it on level 14 of the Dungeon)
 21536 | D:14     | Reached skill level 15 in Armour
 21824 | D:15     | Noticed Nessos
 21844 | D:15     | Killed Nessos
 21889 | D:15     | Found a staircase to the Depths.
 22401 | Orc:1    | Entered Level 1 of the Orcish Mines
 22441 | Orc:1    | Found a bloodstained altar of Trog.
 22691 | Orc:2    | Entered Level 2 of the Orcish Mines
 22751 | Orc:2    | Reached XP level 16. HP: 148/148 MP: 21/21
 23025 | Orc:1    | Found Soziohuxt's Magic Scroll Emporium.
 23049 | Orc:1    | Bought a scroll of fog for 32 gold pieces
 23049 | Orc:1    | Bought a scroll of blinking for 120 gold pieces
 23049 | Orc:1    | Bought 3 scrolls of fog for 96 gold pieces
 23437 | Orc:2    | Found a staircase to the Elven Halls.
 23461 | Orc:2    | Found Fidi's Antique Weapon Shoppe.
 23475 | Orc:2    | Received a gift from Okawaru
 23624 | Orc:2    | Found Temun's Food Boutique.
 23630 | Orc:2    | Found Vurrestro's Distillery.
 23632 | Orc:2    | Found Rimewin's Weapon Shoppe.
 23638 | Orc:2    | Bought a potion of mutation for 136 gold pieces
 23638 | Orc:2    | Bought a potion of heal wounds for 85 gold pieces
 23638 | Orc:2    | Bought a potion of heal wounds for 85 gold pieces
 23638 | Orc:2    | Bought a potion of resistance for 170 gold pieces
 23919 | Spider:1 | Entered Level 1 of the Spider Nest
 24317 | Spider:1 | Reached skill level 13 in Axes
 24682 | Spider:1 | Found a frozen archway.
 24688 | IceCv    | Entered an ice cave
 26173 | Spider:2 | Received a gift from Okawaru
 26315 | Spider:2 | Identified the +0 pair of boots of Pyatait {god gift, rF++ rN+ Regen+} (Okawaru gifted it to you on level 2 of the Spider Nest)
 26343 | Spider:3 | Reached skill level 15 in Dodging
 26522 | Spider:3 | Reached skill level 15 in Shields
 26563 | Spider:3 | Reached XP level 17. HP: 151/157 MP: 19/22
 27556 | Spider:4 | Entered Level 4 of the Spider Nest
 27561 | Spider:4 | Reached skill level 14 in Axes
 27757 | Spider:4 | Noticed Roxanne
 27793 | Spider:4 | Killed Roxanne
 27941 | Spider:4 | Noticed Asterion
 28022 | Spider:4 | Killed Asterion
 28162 | Spider:4 | Received a gift from Okawaru
 28801 | Spider:4 | Got a gossamer rune of Zot
 29136 | Shoals:1 | Entered Level 1 of the Shoals
 29756 | Shoals:1 | Reached skill level 15 in Axes
 30287 | Shoals:2 | Found Ijotio's Weapon Shop.
 30956 | Shoals:3 | Reached skill level 16 in Axes
 31095 | Shoals:3 | Reached XP level 18. HP: 155/168 MP: 23/23
 31191 | Shoals:3 | Received a gift from Okawaru
 31598 | Shoals:4 | Entered Level 4 of the Shoals
 31703 | Shoals:4 | Noticed Ilsuiw
 31910 | Shoals:4 | Killed Ilsuiw
 31910 | Shoals:4 | Reached skill level 17 in Axes
 32558 | Shoals:4 | Reached skill level 18 in Axes
 32642 | Shoals:4 | Got a barnacled rune of Zot
 33666 | Vaults:1 | Entered Level 1 of the Vaults
 34648 | Vaults:1 | Received a gift from Okawaru
 34660 | Vaults:1 | Reached XP level 19. HP: 112/177 MP: 24/24
 34676 | Vaults:1 | Killed from afar by a storm dragon

Skill      XL: |  1  2  3  4  5  6  7  8  9 10 11 12 13 14 15 16 17 18 |
---------------+-------------------------------------------------------+-----
Fighting       | 1 2 3 4 5 6 8 9 10 11 12 13 14 15 16 17 | 17.6
Unarmed Combat | 1 |  1.7
Armour         | 1 2 3 4 6 7 9 10 11 12 14 15 16 17 | 17.5
Dodging        | 3 4 6 7 8 9 10 11 12 13 14 15 16 | 16.3
Shields        | 3 5 7 9 11 12 13 15 16 | 16.5
Axes           | 2 6 7 9 11 12 13 16 18 | 18.0
Invocations    | 3 9 |  9.0
Stealth        | |  1.5
Spellcasting   | |  1.3
Summonings     | |  2.9

Action                   |  1- 3 |  4- 6 |  7- 9 | 10-12 | 13-15 | 16-18 | 19-21 || total
-------------------------+-------+-------+-------+-------+-------+-------+-------++-------
Melee: Unarmed           |    55 |       |       |       |       |       |       ||    55
       Headbutt          |    11 |    26 |    76 |   189 |   547 |   634 |     1 ||  1484
       Short sword       |    54 |   189 |   380 |   485 |       |       |       ||  1108
       Hand axe          |       |       |       |    17 |       |       |       ||    17
       Quick blade       |       |       |       |   547 |  2095 |   389 |       ||  3031
       Broad axe         |       |       |       |       |   127 |  1268 |     1 ||  1396
       War axe           |       |       |       |       |       |   920 |       ||   920
Invok: Heroism           |       |       |     4 |    20 |    29 |    49 |       ||   102
       Finesse           |       |       |       |     4 |    14 |    21 |       ||    39
Evoke: Wand              |       |       |       |     4 |     9 |       |       ||    13
       Lightning rod     |       |       |       |       |     4 |    10 |       ||    14
       Lamp of fire      |       |       |       |       |       |     2 |       ||     2
       Fan of gales      |       |       |       |       |       |     1 |       ||     1
       Box of beasts     |       |       |       |       |       |     1 |       ||     1
  Use: Potion            |       |     2 |     1 |       |     1 |     2 |       ||     6
       Scroll            |       |     6 |     6 |     9 |    12 |    13 |     1 ||    47
 Stab: Sleeping          |     3 |       |     1 |     4 |     2 |     1 |       ||    11
       Distracted        |       |       |     1 |       |       |     2 |       ||     3
       Paralysed         |       |       |       |       |     7 |       |       ||     7
  Eat: Chunk             |     3 |    15 |    16 |    12 |    33 |    35 |       ||   114
       Ration            |       |       |     1 |     1 |       |     2 |       ||     4
Armor: Robe              |    11 |       |       |       |       |       |       ||    11
       Scale mail        |     9 |    73 |       |       |       |       |       ||    82
       Troll leather arm |       |    11 |    96 |   157 |   287 |   303 |       ||   854
       Skin              |       |       |    12 |       |       |       |       ||    12
       Plate armour      |       |       |       |       |       |   341 |       ||   341
Dodge: Dodged            |    69 |    87 |   169 |   507 |   934 |  1252 |     1 ||  3019
Block: Shield            |    11 |    56 |   166 |   510 |   647 |       |       ||  1390
       Large shield      |       |       |       |       |   669 |  2497 |     4 ||  3170
